 Dungeon Crawl Stone Soup version 0.26-a0-639-g72c4674329 (webtiles) character file.

Game seed: 6246071049946673748

7069 Borgoz the Fighter (level 11, -7/72 HPs)
             Began as a Gargoyle Berserker on Sept 18, 2020.
             Was a High Priest of Trog.
             Mangled by an orc knight
             ... wielding a +0 bardiche
              (22 damage)
             ... on level 10 of the Dungeon.
             The game lasted 00:11:48 (9748 turns).

Borgoz the Fighter (Gargoyle Berserker)             Turns: 9748, Time: 00:11:49

Health: -7/72      AC: 20    Str: 21    XL:     11   Next: 9%
Magic:  11/11      EV: 17    Int:  8    God:    Trog [*****.]
Gold:   597        SH:  0    Dex: 18    Spells: 10/10 levels left

rFire    + . .     SeeInvis .   u - +0 morningstar
rCold    + . .     Faith    .   (no shield)
rNeg     + . .     Spirit   .   h - +0 steam dragon scales
rPois    ∞         Reflect  .   n - +1 helmet
rElec    +         Harm     .   m - scarf {rC+ rF+}
rCorr    .         Rampage  .   j - +2 pair of gloves
MR       .....                  (no boots)
Stlth    ++........             (no amulet)
HPRegen  0.22/turn              v - +6 ring of dexterity
MPRegen  0.12/turn              (no ring)

@: no status effects
A: negative energy resistance 1, electricity resistance, unbreathing,
petrification resistance, rot immunity, AC +8
a: Berserk, Trog's Hand, Brothers in Arms, Renounce Religion


You were on level 10 of the Dungeon.
You worshipped Trog.
Trog was extremely pleased with you.
You visited 2 branches of the dungeon, and saw 11 of its levels.

You collected 597 gold pieces.

Inventory:

Hand Weapons
 u - a +0 morningstar (weapon)
Armour
 e - a +3 ring mail of cold resistance
 h - +0 steam dragon scales (worn)
 j - a +2 pair of gloves (worn)
 m - a scarf of resistance (worn)
 n - a +1 helmet (worn)
Jewellery
 v - a +6 ring of dexterity (left hand)
Wands
 o - a wand of flame (6)
 s - a wand of acid (31)
Scrolls
 b - 2 scrolls of enchant weapon {unknown}
 d - 4 scrolls of remove curse
 l - 5 scrolls of teleportation
 q - 5 scrolls of magic mapping
 t - a scroll of enchant armour
 w - a scroll of fear
Potions
 a - 6 potions of curing
 c - 3 potions of flight
 f - a potion of cancellation
 i - 4 potions of mutation
 p - a potion of haste
 r - a potion of heal wounds


   Skills:
 + Level 9.8 Fighting
 + Level 9.0 Maces & Flails
 + Level 9.4 Armour
 + Level 7.2 Dodging


You had 10 spell levels left.
You didn't know any spells.
Your spell library was empty.

Dungeon Overview and Level Annotations

Branches:
Dungeon (10/15)            Temple (1/1) D:6            Lair (0/6) D:9
    Orc: D:9-12

Altars:
Ashenzari
Cheibriados
Dithmenos
Elyvilon
Fedhas
Gozag
Hepliaklqana
Kikubaaqudgha
Makhleb
Nemelex Xobeh
Okawaru
Qazlal
Ru
Sif Muna
Trog
Uskayaw
Vehumet
Wu Jian
Xom
Yredelemnul
Zin
The Shining One

Shops:
D:6 !

Annotations:
D:9 2 transporters, heinrich's ghost, novice GnWn


Innate Abilities, Weirdness & Mutations

You are resistant to torment.
Your stone body is resilient. (AC +8)
You are immune to poison.
You resist negative energy. (rN+)
You are resistant to electric shocks. (rElec)
You can survive without breathing.
You are immune to petrification.
You are immune to rotting.


Message History

Firing (i - inventory) No suitable missiles.
Press: ? - help, Shift-Dir - straight line, f - orc knight
Aim: an orc knight, wielding a +0 bardiche and wearing a +0 chain mail (heavily wounded)
Okay, then.
Evoke which item? (* to show all) (? for menu, Esc to quit)
Aiming: Corrosive Bolt
Press: ? - help, Shift-Dir - straight line, f - orc knight
Aim: an orc knight, wielding a +0 bardiche and wearing a +0 chain mail (heavily wounded)
The bolt of acid hits the orc knight but does no damage.
The orc knight is heavily wounded.
You hear a shout!
Evoke which item? (* to show all) (? for menu, Esc to quit)
Aiming: Corrosive Bolt
Press: ? - help, Shift-Dir - straight line, f/p - orc knight
Aim: an orc knight, wielding a +0 bardiche and wearing a +0 chain mail (heavily wounded)
The bolt of acid hits the orc knight but does no damage.
The orc knight is heavily wounded.
You hear a shout!
The orc knight hits you with a +0 bardiche!!
You die...

.................#
#...............# .
#...............#####
.##.......###?###......
...........†...........
####.....).###.#........
..........## #.#.#######
......!...####.#...#[...
....?..@..+........#.##.
......o...####.##..#.##.
/.........# #.....#.##.
..........# ####..#.##.
....####### #.......
$$.. #.#....# ...
#.####.# .. #..# #.#
#..###.#


You could see an orc knight.

Vanquished Creatures
  2 two-headed ogres
  A komodo dragon (D:9)
  2 hornets (D:8)
  6 yaks
  A steam dragon (D:9)
  Edmund (D:5)
  2 orc warriors
  3 ice beasts
  A phantom (D:5)
  3 sky beasts
  An ogre (D:7)
  4 centaurs
  A crocodile (D:10)
  A big kobold (D:8)
  2 bullfrogs
  A gnoll sergeant (D:8)
  3 scorpions
  14 killer bees
  5 wights (D:8)
  An electric eel (D:7)
  4 howler monkeys
  A bullfrog zombie (D:5)
  A quasit (D:10)
  2 centaur skeletons
  A hound (D:4)
  10 orc priests
  A jelly (D:6)
  4 orc wizards
  3 bullfrog skeletons
  4 iguanas
  6 worker ants
  2 hound zombies
  A hound skeleton (D:9)
  5 gnolls
  12 adders
  A shadow imp (D:7)
  An ufetubus (D:5)
  3 oozes
  2 adder skeletons (D:4)
  3 worms
  A dart slug (D:2)
  3 leopard geckos
  31 orcs
  6 giant cockroaches
  12 hobgoblins
  10 jackals
  6 kobolds
  5 quokkas
  2 ball pythons
  6 bats
  3 frilled lizards
  10 goblins
  A jackal skeleton (D:4)
  5 rats
223 creatures vanquished.

Vanquished Creatures (others)
  An ogre (D:9)
  A white imp (D:9)
  3 plants
5 creatures vanquished.

Grand Total: 228 creatures vanquished

Notes
Turn   | Place    | Note
-------+----------+-------------------------------------------
     0 | D:1      | Borgoz the Gargoyle Berserker began the quest for the Orb.
     0 | D:1      | Reached XP level 1. HP: 14/14 MP: 1/1
   139 | D:1      | Reached XP level 2. HP: 19/19 MP: 2/2
   639 | D:2      | Reached XP level 3. HP: 14/24 MP: 3/3
   643 | D:2      | HP: 1/24 [adder (1)]
   928 | D:2      | Reached XP level 4. HP: 29/29 MP: 4/4
  1057 | D:2      | Reached ** piety under Trog
  1225 | D:2      | Found a shimmering altar of Xom.
  1350 | D:2      | Reached XP level 5. HP: 23/33 MP: 5/5
  1771 | D:2      | Found a blossoming altar of Fedhas.
  1975 | D:3      | Reached XP level 6. HP: 24/39 MP: 6/6
  2410 | D:3      | Noticed an ice beast
  2419 | D:3      | Killed an ice beast
  2562 | D:3      | Reached *** piety under Trog
  2813 | D:4      | Found a radiant altar of Vehumet.
  2821 | D:4      | Reached skill level 5 in Fighting
  2821 | D:4      | Reached XP level 7. HP: 42/44 MP: 7/7
  3061 | D:4      | Found an ornate altar of the Wu Jian Council.
  3775 | D:5      | Entered Level 5 of the Dungeon
  3817 | D:5      | Reached skill level 5 in Maces & Flails
  3817 | D:5      | Reached skill level 5 in Armour
  4040 | D:5      | Noticed Edmund
  4059 | D:5      | Killed Edmund
  4059 | D:5      | Reached XP level 8. HP: 41/51 MP: 8/8
  4335 | D:5      | Found a shattered altar of Ashenzari.
  4335 | D:5      | Found an ancient bone altar of Kikubaaqudgha.
  4470 | D:5      | Found a sparkling altar of Nemelex Xobeh.
  4488 | D:5      | Found an iron altar of Okawaru.
  4776 | D:5      | Found a basalt altar of Yredelemnul.
  4855 | D:6      | Reached **** piety under Trog
  4976 | D:6      | Found a staircase to the Ecumenical Temple.
  4981 | D:6      | Found Xemirej's Distillery.
  5145 | Temple   | Entered the Ecumenical Temple
  5658 | D:6      | Reached XP level 9. HP: 56/56 MP: 9/9
  6290 | D:7      | Reached skill level 5 in Dodging
  6485 | D:7      | Found a sparkling altar of Nemelex Xobeh.
  6576 | D:7      | Found a basalt altar of Yredelemnul.
  7126 | D:8      | Found a white marble altar of Elyvilon.
  7126 | D:8      | Found an opulent altar of Gozag.
  7256 | D:8      | Noticed a hornet
  7257 | D:8      | Noticed a hornet
  7264 | D:8      | Killed a hornet
  7267 | D:8      | Killed a hornet
  7451 | D:8      | Found a burning altar of Makhleb.
  7532 | D:8      | Found a glowing golden altar of the Shining One.
  7547 | D:8      | Found a glowing silver altar of Zin.
  7547 | D:8      | Noticed an angel
  7548 | D:8      | Noticed a cacodemon
  7861 | D:9      | Noticed a two-headed ogre
  7865 | D:8      | Reached XP level 10. HP: 49/64 MP: 10/10
  8111 | D:8      | Killed a two-headed ogre
  8701 | D:9      | Found a snail-covered altar of Cheibriados.
  9075 | D:9      | Found a transporter.
  9075 | D:9      | Found a bloodstained altar of Trog.
  9075 | D:9      | Noticed heinrich's ghost (novice GnWn)
  9076 | D:9      | Noticed a cyclops
  9084 | D:9      | Found a transporter.
  9086 | D:9      | Noticed a moth of wrath
  9100 | D:9      | Noticed a two-headed ogre
  9194 | D:9      | Noticed a two-headed ogre
  9204 | D:9      | Killed a two-headed ogre
  9386 | D:9      | Found a staircase to the Lair.
  9444 | D:9      | Reached XP level 11. HP: 51/72 MP: 11/11
  9560 | D:10     | Entered Level 10 of the Dungeon
  9686 | D:10     | Reached ***** piety under Trog
  9725 | D:10     | Noticed an orc knight
  9748 | D:10     | Mangled by an orc knight

Illustrated notes

Levels and vault maps discovered:
D:1:      wander_arrival_desolate, layout_rooms, minmay_worlds_worst_comb
D:2:      layout_loops_cross, fedhas_altar_1, tgw_xom,
          chequers_serial_rivers_small_b
D:3:      layout_loops_ring
D:4:      layout_loops_ring, vehumet_altar_wand_db, lemuel_crystal_altar,
          minmay_misc_feat_tiny, st_stairs_3, chequers_avenue,
          chequers_serial_rivers_micro_d, minmay_fractal_squares_gapless_5
D:5:      layout_loops_cross, chequers_temple_overflow_statue_of_worship,
          nicolae_overflow_hidden_temple, lemuel_doored_altar, okawaru_trees_2,
          uniq_edmund
D:6:      layout_cave_pods, minmay_temple_entry_statues_pillars, serial_shops,
          shop, minmay_fountain_box
D:7:      layout_basic, basic_altar, kennysheep_donut, nemelex_dance_club_becter
D:8:      layout_rooms, grunt_temple_overflow_order_and_chaos_2,
          gammafunk_temple_overflow_wave, tso_oasis_becter,
          hangedman_pestilent_swarm
D:9:      layout_rooms, david_lair_shrubbed, gammafunk_ghost_wrathful_warriors,
          basic_altar, grunt_ministairs_1, nrook_mini_vaults
D:10:     layout_basic, orc_david_3
Temple:   compressed_dpeg_triangle_lava_temple

Skill      XL: |  1  2  3  4  5  6  7  8  9 10 11 |
---------------+----------------------------------+-----
Dodging        | 2 3 4 5 7 |  7.2
Armour         | 3 4 5 6 7 9 |  9.4
Fighting       | 4 5 6 8 9 |  9.8
Maces & Flails | 4 5 6 7 8 9 |  9.0

Action                   |  1- 3 |  4- 6 |  7- 9 | 10-12 || total
-------------------------+-------+-------+-------+-------++-------
Melee: Mace              |    79 |    14 |       |       ||    93
       Flail             |       |   182 |       |       ||   182
       Whip              |       |     7 |   267 |       ||   274
       Morningstar       |       |       |   234 |   264 ||   498
Invok: Berserk           |     1 |       |       |     1 ||     2
       Trog's Hand       |       |       |     1 |     1 ||     2
Evoke: Wand              |       |       |       |     2 ||     2
  Use: Potion            |     4 |       |     1 |       ||     5
       Scroll            |       |       |    10 |     5 ||    15
 Stab: Sleeping          |       |       |       |     2 ||     2
Armor: Animal skin       |    18 |       |       |       ||    18
       Scale mail        |    27 |   141 |   206 |       ||   374
       Ring mail         |       |       |    44 |   186 ||   230
       Steam dragon scal |       |       |       |     9 ||     9
Dodge: Dodged            |    65 |   139 |   316 |   412 ||   932

Table legend: (Time is in decaauts)
 A = Elapsed time spent in this place.
 B = Non-inter-level travel time spent in this place.
 C = Inter-level travel time spent in this place.
 D = Time resting spent in this place.
 E = Time spent auto-exploring this place.
 F = Levels seen in this place.
 G = Mean time per level.
                   A        B        C        D        E       F      G
               +--------+--------+--------+--------+--------+-----+--------+
         Total |   9865 |   9552 |    313 |   1372 |   6233 |  11 |  896.8 |
       Dungeon |   9654 |   9361 |    293 |   1372 |   6043 |  10 |  965.4 |
        Temple |    210 |    190 |     20 |      0 |    190 |   1 |  210.0 |
               +--------+--------+--------+--------+--------+-----+--------+

Top non-repeatable levels by time:
     D:8: 1756 daAuts
     D:6: 1133 daAuts
     D:2: 1121 daAuts
     D:9: 1024 daAuts
     D:5: 957 daAuts
     D:4: 947 daAuts
     D:3: 931 daAuts
     D:1: 845 daAuts
     D:7: 746 daAuts
  Temple: 210 daAuts
    D:10: 190 daAuts
